 Dungeon Crawl Stone Soup version 0.19.4-10-g532645f (webtiles) character file.

3278 Kosschaser the Grappler (level 9, -2/85 HPs)
             Began as a Troll Monk on Feb 25, 2017.
             Was a Priest of Nemelex Xobeh.
             Slain by an unseen horror (12 damage)
             ... on level 7 of the Dungeon.
             The game lasted 00:23:16 (4618 turns).

Kosschaser the Grappler (Troll Monk)                Turns: 4618, Time: 00:23:16

Health: -2/85      AC:  6    Str: 24    XL:     9   Next: 69%
Magic:  8/8        EV: 12    Int: 10    God:    Nemelex Xobeh [***...]
Gold:   119        SH:  0    Dex:  8    Spells: 0 memorised, 8 levels left

rFire  . . .     SeeInvis .       - Unarmed
rCold  . . .     Gourm    +     I - +0 robe "Vuodub" {+Blink +Inv MR+ Int+4 Dex-4}
rNeg   . . .     Faith    +     (no shield)
rPois  +         Spirit   .     (helmet restricted)
rElec  .         Reflect  .     M - +0 cloak
rCorr  .         Harm     .     (gloves unavailable)
MR     +....                    (boots unavailable)
Stlth  ++........               y - amulet of faith
                                E - ring of poison resistance
                                c - ring of flight

@: no status effects
A: unfitting armour, claws 3, deformed body, fast metabolism 3, gourmand,
regeneration 1, shaggy fur 2, tough skin 2, wild magic 1
a: Triple Draw, Renounce Religion, Evoke Blink, Evoke Invisibility, Evoke Flight


You were on level 7 of the Dungeon.
You worshipped Nemelex Xobeh.
Nemelex Xobeh was most pleased with you.
You were not hungry.

You visited 1 branch of the dungeon, and saw 7 of its levels.

You collected 350 gold pieces.
You spent 231 gold pieces at shops.

Inventory:

Missiles
 K - 35 stones (quivered)
 O - 3 large rocks
Armour
 a - a +0 robe
 I - the +0 robe "Vuodub" (worn) {+Blink +Inv MR+ Int+4 Dex-4}
   (You bought it in a shop on level 4 of the Dungeon)

   It affects your intelligence (+4).
   It affects your dexterity (-4).
   It affects your resistance to hostile enchantments.
   It lets you turn invisible.
   It lets you blink.
 M - a +0 cloak (worn)
Jewellery
 c - a ring of flight (left claw)
 y - an amulet of faith (around neck)
 E - a ring of poison resistance (right claw)
 F - a +3 amulet of reflection {unknown}
Wands
 r - a wand of polymorph (7/24)
 D - a wand of flame (35/48)
Scrolls
 d - 6 scrolls of remove curse
 e - 3 scrolls of teleportation
 g - a scroll of immolation
 h - 3 scrolls of noise {unknown}
 l - a scroll of amnesia
 n - a scroll of recharging {unknown}
 o - 3 scrolls of random uselessness {unknown}
 t - a scroll of magic mapping {unknown}
 w - a scroll of fog {unknown}
Potions
 f - 2 potions of flight
 i - 3 potions of heal wounds
 j - 2 potions of magic
 k - 2 potions of degeneration {unknown}
 m - 2 potions of berserk rage {unknown}
 q - a potion of invisibility {unknown}
 u - 4 potions of curing {unknown}
 v - 2 potions of brilliance
 x - 2 potions of haste {unknown}
 A - a potion of agility {unknown}
 H - a potion of cure mutation {unknown}
Miscellaneous
 C - a plain deck of escape
 G - a plain deck of summoning {drawn: 6}
 J - an ornate deck of escape {drawn: 1}
 L - a plain deck of destruction
 N - an ornate deck of destruction
Comestibles
 b - 4 bread rations
 p - 2 slices of pizza
 s - 2 meat rations
 z - a royal jelly
 B - 7 fruits
 P - 3 mutagenic chunks of flesh


   Skills:
 + Level 4.4 Fighting
 + Level 2.5 Throwing
 + Level 6.3 Dodging
 + Level 2.2 Stealth
 + Level 10.2 Unarmed Combat
 + Level 0.8 Invocations


You had 8 spell levels left.
You didn't know any spells.

Dungeon Overview and Level Annotations

Branches:
Dungeon (7/15)             Temple (0/1) D:5

Altars:
Dithmenos
Fedhas
Hepliaklqana
Makhleb
Nemelex Xobeh
Uskayaw
Yredelemnul

Shops:
D:4 *   D:6 :

Annotations:
D:2 1 runed door


Innate Abilities, Weirdness & Mutations

You are too large for most types of armour.
You have claws for hands.
Your metabolism is lightning-fast.
You like to eat raw meat.
Your natural rate of healing is unusually fast.
You are covered in thick fur. (AC +2)
You have very tough skin. (AC +2)
Armour fits poorly on your strangely shaped body.
Your spells are a little harder to cast, but a little more powerful.


Message History

The freed slave barely misses the hound.
Something hits your hell hound!
Your hell hound dies!
Your hell hound's corpse disappears in a puff of smoke!
Your red devil hits the orange demon with a trident!!
The freed slave closely misses something.
Your red devil hits the orange demon with a trident!
Something hits you but does no damage.
Your red devil hops backward while attacking.
Your red devil hits the orange demon from afar with a trident.
Something hits you.
* * * LOW HITPOINT WARNING * * *
Something hits you!
* * * LOW HITPOINT WARNING * * *
The hound zombie bites you.
* * * LOW HITPOINT WARNING * * *
Your red devil barely misses the orange demon.
Something hits you!
You die...
Your body glows with a rainbow of weird colours and disappears.

.....#####
#...#.p...
.#####
##4.#F#h#.#.#
.#
#..4(.......
.#
#oC#Y#.#.#.#
## #..#..a..
#..#.#.#.#
#Z.#.......
#..#####.###
#..@.......
#..........
###########


You could see a frost giant, an orc, a hound zombie and a friendly red devil.

Vanquished Creatures
  A komodo dragon (D:7)
  The ghost of Kosschaser the Grave Robber, an amateur DsNe (D:4)
  Eustachio (D:4)
  An ice beast (D:3)
  3 phantoms
  2 sky beasts
  An ogre (D:4)
  2 centaurs
  2 bullfrogs
  3 scorpions
  3 killer bees (D:7)
  2 wights (D:7)
  An electric eel (D:6)
  A howler monkey (D:6)
  3 hounds
  A bullfrog zombie (D:7)
  A centaur skeleton (D:4)
  3 orc wizards
  A bullfrog skeleton (D:4)
  An iguana (D:5)
  3 worker ants
  A worker ant zombie (D:5)
  6 adders
  3 gnolls
  A howler monkey skeleton (D:4)
  An adder zombie (D:5)
  An adder skeleton (D:4)
  A worm (D:4)
  3 dart slugs
  5 leopard geckos
  11 orcs
  A ball python (D:4)
  8 bats
  4 giant cockroaches
  9 goblins
  5 hobgoblins
  6 jackals
  2 quokkas
  A frilled lizard (D:2)
  A jackal skeleton (D:2)
  6 kobolds
  2 leopard gecko skeletons (D:5)
  A quokka skeleton (D:4)
  7 rats
123 creatures vanquished.

Vanquished Creatures (collateral kills)
  Pikel (D:7)
  An ugly thing (D:7)
  A cyclops (D:7)
  A slime creature (D:7)
  An ogre (D:7)
  A centaur (D:5)
  A scorpion (D:5)
  A hound (D:7)
  2 orc wizards (D:5)
  2 gnolls (D:5)
  2 orcs (D:5)
  A quokka (D:7)
15 creatures vanquished.

Vanquished Creatures (others)
  3 slaves (D:7)
  An ice beast (D:7)
  A bullfrog (D:7)
  A bullfrog zombie (D:7)
  An orc (D:7)
  A jackal (D:7)
8 creatures vanquished.

Grand Total: 146 creatures vanquished

Notes
Turn   | Place    | Note
-------+----------+-------------------------------------------
     0 | D:1      | Kosschaser the Troll Monk began the quest for the Orb.
     0 | D:1      | Reached XP level 1. HP: 22/22 MP: 0/0
    59 | D:1      | Reached XP level 2. HP: 21/29 MP: 1/1
   393 | D:1      | Reached XP level 3. HP: 36/36 MP: 2/2
   585 | D:1      | You fall through a shaft!
   769 | D:2      | Reached XP level 4. HP: 45/45 MP: 3/3
   813 | D:2      | Found a runed door.
   813 | D:2      | Noticed a human
   819 | D:2      | Found a basalt altar of Yredelemnul.
  1161 | D:3      | Noticed an ice beast
  1166 | D:3      | Killed an ice beast
  1166 | D:3      | Reached skill level 4 in Unarmed Combat
  1166 | D:3      | Reached XP level 5. HP: 53/53 MP: 4/4
  1193 | D:3      | Reached skill level 5 in Unarmed Combat
  1666 | D:4      | Found a blossoming altar of Fedhas.
  1757 | D:4      | Noticed Kosschaser's ghost (amateur DsNe)
  1758 | D:4      | Noticed an ogre
  1804 | D:4      | Noticed a phantom
  1808 | D:5      | Entered Level 5 of the Dungeon
  1882 | D:5      | Reached XP level 6. HP: 52/61 MP: 5/5
  1889 | D:5      | Found a hide-covered altar of Uskayaw.
  1942 | D:4      | Found a sparkling altar of Nemelex Xobeh.
  1955 | D:4      | Noticed Eustachio
  2030 | D:4      | Killed Eustachio
  2047 | D:4      | Became a worshipper of Nemelex Xobeh the Trickster
  2047 | D:4      | Received a gift from Nemelex Xobeh
  2047 | D:4      | Reached * piety under Nemelex Xobeh
  2047 | D:4      | Reached ** piety under Nemelex Xobeh
  2256 | D:4      | Reached skill level 6 in Unarmed Combat
  2256 | D:4      | Reached XP level 7. HP: 66/67 MP: 6/6
  2294 | D:4      | Killed Kosschaser's ghost
  2397 | D:4      | Received a gift from Nemelex Xobeh
  2424 | D:4      | Reached skill level 7 in Unarmed Combat
  2495 | D:4      | Found Saromiug's Assorted Antiques.
  2506 | D:4      | Bought an ichor-stained robe for 171 gold pieces
  2506 | D:4      | Bought a scroll of identify for 60 gold pieces
  2516 | D:4      | Identified the cursed +0 robe "Vuodub" {+Blink +Inv MR+ Int+4 Dex-4} (You bought it in a shop on level 4 of the Dungeon)
  2539 | D:4      | Reached skill level 5 in Dodging
  2543 | D:4      | Reached XP level 8. HP: 73/75 MP: 7/7
  2796 | D:5      | Found a hide-covered altar of Uskayaw.
  2924 | D:5      | Reached skill level 8 in Unarmed Combat
  3082 | D:5      | Found a staircase to the Ecumenical Temple.
  3374 | D:6      | Received a gift from Nemelex Xobeh
  3403 | D:6      | Found a shadowy altar of Dithmenos.
  3404 | D:6      | Reached *** piety under Nemelex Xobeh
  3405 | D:6      | Found a hazy altar of Hepliaklqana.
  3598 | D:6      | Received a gift from Nemelex Xobeh
  3937 | D:6      | Found a burning altar of Makhleb.
  4032 | D:6      | Found Lesam's Book Boutique.
  4275 | D:7      | Reached skill level 9 in Unarmed Combat
  4275 | D:7      | Reached XP level 9. HP: 63/84 MP: 8/8
  4301 | D:7      | Received a gift from Nemelex Xobeh
  4358 | D:7      | Reached skill level 1 in Throwing
  4365 | D:7      | Noticed a cyclops
  4373 | D:7      | Noticed Pikel
  4374 | D:7      | Noticed a green ugly thing
  4382 | D:7      | Killed Pikel
  4397 | D:7      | Killed a green ugly thing
  4403 | D:7      | Killed a cyclops
  4411 | D:7      | Gained mutation: You are covered in thick fur. (AC +2) [mutagenic meat]
  4412 | D:7      | Gained mutation: Your spells are a little harder to cast, but a little more powerful. [mutagenic meat]
  4422 | D:7      | Reached skill level 10 in Unarmed Combat
  4445 | D:7      | Noticed a komodo dragon
  4456 | D:7      | Killed a komodo dragon
  4458 | D:7      | Noticed a rakshasa
  4606 | D:7      | Noticed a frost giant
  4606 | D:7      | Gained mutation: Armour fits poorly on your strangely shaped body. [mutagenic meat]
  4607 | D:7      | Noticed an orange demon
  4618 | D:7      | Slain by an unseen horror

Skill      XL: |  1  2  3  4  5  6  7  8  9 |
---------------+----------------------------+-----
Fighting       | 3 4 |  4.4
Dodging        | 3 4 5 6 |  6.3
Unarmed Combat | 4 5 6 7 9 10 | 10.2
Stealth        | 2 |  2.2
Throwing       | 2 |  2.5
Invocations    | |  0.8

Action                   |  1- 3 |  4- 6 |  7- 9 || total
-------------------------+-------+-------+-------++-------
Melee: Unarmed           |    79 |   171 |   204 ||   454
       Punch             |       |     4 |     5 ||     9
Throw: Stone             |       |       |    26 ||    26
Evoke: Deck              |       |       |     7 ||     7
  Use: Scroll            |       |     6 |     3 ||     9
 Stab: Sleeping          |     1 |     2 |     2 ||     5
       Distracted        |       |       |     1 ||     1
  Eat: Chunk             |    12 |     7 |    27 ||    46
Armor: Robe              |    34 |    88 |    37 ||   159
Dodge: Dodged            |    51 |   143 |   113 ||   307
